 Dungeon Crawl Stone Soup version 0.19.1-1-g22dce08 (webtiles) character file.

359 galech the Cudgeler (level 6, -11/38 HPs)
             Began as a Gargoyle Fighter on Jan 12, 2017.
             Was an Initiate of Gozag.
             Mangled by a wyvern (13 damage)
             ... on level 5 of the Dungeon.
             The game lasted 00:09:17 (3608 turns).

galech the Cudgeler (Gargoyle Fighter)              Turns: 3608, Time: 00:09:18

Health: -11/38     AC: 13    Str: 21    XL:     6   Next: 65%
Magic:  6/6        EV:  8    Int:  9    God:    Gozag
Gold:   580        SH:  9    Dex:  9    Spells: 0 memorised, 5 levels left

rFire  . . .     SeeInvis .     a - +0 flail
rCold  . . .     Gourm    .     C - +0 ring mail {MR+}
rNeg   + . .     Faith    .     c - +0 shield
rPois  ∞         Spirit   .     (no helmet)
rElec  +         Reflect  .     m - +0 cloak
rCorr  .         Harm     .     l - +0 pair of gloves
MR     +....                    s - +0 pair of boots
Stlth  ..........               (no amulet)
                                (no ring)
                                (no ring)

@: no status effects
A: negative energy resistance 1, electricity resistance, unbreathing,
petrification resistance, rot immunity, AC +4
a: Potion Petition, Call Merchant, Bribe Branch, Renounce Religion


You were on level 5 of the Dungeon.
You worshipped Gozag.
Gozag was pleased with you.
You were not hungry.

You visited 1 branch of the dungeon, and saw 5 of its levels.

You collected 632 gold pieces.
You paid 52 gold pieces to Gozag.

Inventory:

Hand Weapons
 a - a +0 flail (weapon)
Armour
 b - a +0 scale mail
 c - a +0 shield (worn)
 l - a +0 pair of gloves (worn)
 m - a +0 cloak (worn)
 s - a +0 pair of boots (worn)
 C - a +0 ring mail of magic resistance (worn)
Wands
 n - a wand of lightning (9/15)
Scrolls
 e - 2 scrolls of enchant weapon {unknown}
 h - a scroll of recharging {unknown}
 j - 6 scrolls of identify {unknown}
 k - 2 scrolls of blinking {unknown}
 o - 5 scrolls of remove curse {unknown}
 p - 4 scrolls of teleportation {unknown}
 q - a scroll of magic mapping {unknown}
 v - a scroll of amnesia {unknown}
 w - a scroll of noise {unknown}
 y - a scroll of fog {unknown}
 B - a scroll of enchant armour {unknown}
 D - a scroll of random uselessness {unknown}
Potions
 d - a potion of might
 f - a potion of mutation {unknown}
 g - 2 potions of curing {unknown}
 i - a potion of magic {unknown}
 t - a potion of brilliance {unknown}
 u - a potion of haste {unknown}
 x - a potion of heal wounds {unknown}
 z - a potion of resistance {unknown}
 A - a potion of flight {unknown}
Comestibles
 r - a meat ration
 E - a bread ration
 F - 4 fruits


   Skills:
 + Level 4.1 Fighting
 + Level 4.9 Maces & Flails
 + Level 4.1 Armour
 + Level 1.0 Dodging
 + Level 0.2 Stealth
 + Level 4.6 Shields


You had 5 spell levels left.
You didn't know any spells.

Dungeon Overview and Level Annotations

Branches:
Dungeon (5/15)             Temple (0/1) D:5

Altars:
Gozag
Makhleb
Nemelex Xobeh
Okawaru


Innate Abilities, Weirdness & Mutations

You are resistant to torment.
Your stone body is resilient. (AC +4)
You are immune to poison.
You resist negative energy. (rN+)
You are resistant to electric shocks. (rElec)
You can survive without breathing.
You are immune to petrification.
You are immune to rotting.


Message History

The wyvern is almost dead.
The wyvern bites you but does no damage.
The wyvern bites you!
You hit the wyvern.
The wyvern is almost dead.
You block the wyvern's attack. The wyvern bites you!
* * * LOW HITPOINT WARNING * * *
You are too injured to fight recklessly!
You are too injured to fight recklessly!
You are too injured to fight recklessly!
You are too injured to fight recklessly!
You are too injured to fight recklessly!
You closely miss the wyvern.
The wyvern is almost dead.
The wyvern barely misses you.
You hit the wyvern but do no damage.
The wyvern is almost dead.
The wyvern bites you!
You die...
Your body crumbles into a pile of gold.

#..#
#..######
##........
##..#######
###..##
##..###
##..##
##..##
#@.##
#.l### #..#
#..# #>.#
..## .


You could see a wyvern.

Vanquished Creatures
  A hound (D:3)
  2 orc wizards (D:4)
  2 bullfrog skeletons
  An iguana (D:5)
  2 worker ants
  A river rat (D:3)
  3 adders
  An adder zombie (D:3)
  A worm (D:2)
  5 dart slugs
  6 leopard geckos
  8 orcs
  4 giant cockroaches
  7 hobgoblins
  3 jackals (D:4)
  2 quokkas
  3 ball pythons
  8 bats
  4 frilled lizards
  4 goblins
  7 kobolds
  6 rats
81 creatures vanquished.

Notes
Turn   | Place    | Note
-------+----------+-------------------------------------------
     0 | D:1      | galech the Gargoyle Fighter began the quest for the Orb.
     0 | D:1      | Reached XP level 1. HP: 14/14 MP: 1/1
   152 | D:1      | Reached XP level 2. HP: 19/19 MP: 2/2
   430 | D:1      | Reached XP level 3. HP: 23/23 MP: 3/3
   807 | D:2      | Found an opulent altar of Gozag.
   823 | D:2      | Became a worshipper of Gozag Ym Sagoz the Greedy
  1699 | D:3      | Reached XP level 4. HP: 29/29 MP: 4/4
  1832 | D:3      | Found a faded altar of an unknown god.
  1832 | D:3      | Found a burning altar of Makhleb.
  1837 | D:3      | Found a faded altar of an unknown god.
  1839 | D:3      | Found a faded altar of an unknown god.
  1841 | D:3      | Found a faded altar of an unknown god.
  2319 | D:3      | Reached XP level 5. HP: 33/33 MP: 5/5
  3044 | D:4      | Reached XP level 6. HP: 29/38 MP: 6/6
  3203 | D:4      | Reached skill level 1 in Dodging
  3232 | D:4      | Found a sparkling altar of Nemelex Xobeh.
  3235 | D:4      | Found an iron altar of Okawaru.
  3469 | D:5      | Entered Level 5 of the Dungeon
  3590 | D:5      | Found a staircase to the Ecumenical Temple.
  3590 | D:5      | Noticed a wyvern
  3608 | D:5      | Mangled by a wyvern

Skill      XL: |  1  2  3  4  5  6 |
---------------+-------------------+-----
Maces & Flails | 3 4 |  4.9
Shields        | 4 |  4.6
Fighting       | 4 |  4.1
Armour         | 4 |  4.1
Dodging        | 1 |  1.0
Stealth        | |  0.2

Action                   |  1- 3 |  4- 6 || total
-------------------------+-------+-------++-------
Melee: Flail             |   142 |   252 ||   394
  Eat: Chunk             |     1 |       ||     1
       Bread ration      |       |     1 ||     1
       Meat ration       |       |     1 ||     1
Armor: Scale mail        |    84 |   219 ||   303
       Ring mail         |       |     4 ||     4
Dodge: Dodged            |    60 |   119 ||   179
Block: Shield            |    94 |   201 ||   295
